General information
			
			
        
        - name: BNet
 
        - type: Ladder team game (AT/RT)
 
        - host: Battle.net
 
        - saver: thelaghotel
 
        
map: TranquilPaths 
        - players: 4
 
        - length: 24:09
 
        - speed: Fast
 - version: 1.22 W3XP
 - replay type:  Public
 
» download(143 KB)
Players
        team 1 (winner) 
              
              
» 
thelaghotel (
purple | 82 APM | 1978 actions | 24:09)
              
 5 Shadow Hunter 
 2 Hex
 3 Healing Wave
 4 Blademaster 
 2 Wind Walk
 2 Critical Strike
 
                » actions 
                
                | Assign group hotkey | 194 |  | 
| Basic commands | 75 |  | 
| Build / train | 76 |  | 
| Enter build submenu | 17 |  | 
| Enter hero's abilities submenu | 9 |  | 
| Give item / drop item | 2 |  | 
| Right click | 924 |  | 
| Select / deselect | 413 |  | 
| Select group hotkey | 111 |  | 
| Use ability | 157 |  | 
                1978 total
 » units 
                
                | Peon | 7 |  | 
| Grunt | 14 |  | 
| Raider | 5 |  | 
| Spirit Walker | 4 |  | 
| Troll Batrider | 5 |  | 
| Wind Rider | 6 |  | 
| Shaman | 2 |  | 
                43 total
 » upgrades
                
                | Berserker Strength | 1 |  | 
| Ensnare | 1 |  | 
| Spirit Walker Training | 1 |  | 
                3 total
 » buildings
                
                | Altar of Storms | 1 |  | 
| Orc Burrow | 7 |  | 
| Barracks | 1 |  | 
| Voodoo Lounge | 1 |  | 
| Stronghold | 1 |  | 
| Beastiary | 2 |  | 
| Spirit Lodge | 1 |  | 
                14 total
 » build order
                00:06 Altar of Storms
00:24 Orc Burrow
00:40 Barracks
01:27 Orc Burrow
02:06 Voodoo Lounge
03:15 Orc Burrow
04:25 Stronghold
05:47 Orc Burrow
06:14 Orc Burrow
07:05 Beastiary
07:16 Spirit Lodge
08:57 Orc Burrow
15:26 Orc Burrow
18:10 Beastiary
» items
                
                | Healing Salve | 4 |  | 
| Scroll of Speed | 4 |  | 
| Lesser Clarity Potion | 5 |  | 
| Scroll of Town Portal | 1 |  | 
| Potion of Lesser Invulnerability | 1 |  | 
| Potion of Healing | 1 |  | 
                16 total
  
               
              
              
WC-tactics (
yellow | 62 APM | 1494 actions | 24:08)
              
 4 Demon Hunter 
 2 Mana Burn
 2 Evasion
 4 Keeper of the Grove 
 2 Entangling Roots
 2 Thorns Aura
 
                » actions 
                
                | Assign group hotkey | 47 |  | 
| Basic commands | 74 |  | 
| Build / train | 61 |  | 
| Enter build submenu | 15 |  | 
| Enter hero's abilities submenu | 8 |  | 
| Remove unit from queue | 3 |  | 
| Right click | 571 |  | 
| Select / deselect | 358 |  | 
| Select group hotkey | 268 |  | 
| Use ability | 89 |  | 
                1494 total
 » units 
                
                | Wisp | 8 |  | 
| Druid of the Claw | 8 |  | 
| Dryad | 8 |  | 
| Hippogryph | 13 |  | 
                37 total
 » upgrades
                
                | Druid of the Claw Training | 2 |  | 
| Abolish Magic | 1 |  | 
| Mark of the Claw | 1 |  | 
                4 total
 » buildings
                
                | Altar of Elders | 1 |  | 
| Moon Well | 7 |  | 
| Tree of Ages | 1 |  | 
| Hunter's Hall | 1 |  | 
| Ancient of Lore | 2 |  | 
| Tree of Eternity | 1 |  | 
| Ancient of Wind | 1 |  | 
| Ancient of Wonders | 1 |  | 
| Tree of Life | 1 |  | 
                16 total
 » build order
                00:08 Altar of Elders
00:20 Moon Well
01:57 Tree of Ages
02:19 Hunter's Hall
02:32 Moon Well
04:33 Ancient of Lore
04:35 Ancient of Lore
04:37 Tree of Eternity
06:23 Moon Well
08:01 Moon Well
09:19 Moon Well
12:59 Ancient of Wind
13:41 Ancient of Wonders
15:42 Moon Well
18:02 Moon Well
22:10 Tree of Life
» items
                
                | Boots of Speed | 1 |  | 
| Staff of Teleportation | 1 |  | 
| Scroll of Town Portal | 2 |  | 
                4 total
  
               team 2 (loser) 
              
              
K.Dubz (
red | 146 APM | 3511 actions | 24:05)
              
 3 Death Knight 
 2 Death Coil
 1 Unholy Aura
 4 Lich 
 2 Frost Nova
 1 Frost Armor
 1 Dark Ritual
 1 Crypt Lord 
 1 Impale
 
                » actions 
                
                | Assign group hotkey | 350 |  | 
| Basic commands | 361 |  | 
| Build / train | 59 |  | 
| ESC pressed | 2 |  | 
| Enter build submenu | 19 |  | 
| Enter hero's abilities submenu | 8 |  | 
| Give item / drop item | 1 |  | 
| Right click | 1363 |  | 
| Select / deselect | 505 |  | 
| Select group hotkey | 616 |  | 
| Use ability | 227 |  | 
                3511 total
 » units 
                
                | Acolyte | 2 |  | 
| Ghoul | 2 |  | 
| Crypt Fiend | 14 |  | 
| Obsidian Statue | 2 |  | 
| Abomination | 7 |  | 
                27 total
 » upgrades
                
                | Burrow | 1 |  | 
| Destroyer Form | 1 |  | 
| Unholy Armor | 2 |  | 
| Disease Cloud | 1 |  | 
| Web | 1 |  | 
| Cannibalize | 1 |  | 
| Unholy Strength | 1 |  | 
                8 total
 » buildings
                
                | Graveyard | 1 |  | 
| Crypt | 1 |  | 
| Altar of Darkness | 1 |  | 
| Ziggurat | 7 |  | 
| Tomb of Relics | 1 |  | 
| Halls of the Dead | 1 |  | 
| Nerubian Tower | 1 |  | 
| Black Citadel | 2 |  | 
| Slaughterhouse | 3 |  | 
| Spirit Tower | 1 |  | 
                19 total
 » build order
                00:11 Graveyard
00:16 Crypt
00:47 Altar of Darkness
00:57 Ziggurat
01:25 Ziggurat
01:27 Ziggurat
02:04 Tomb of Relics
03:38 Halls of the Dead
03:45 Nerubian Tower
04:46 Ziggurat
06:05 Black Citadel
06:06 Black Citadel
07:52 Slaughterhouse
07:59 Slaughterhouse
08:02 Slaughterhouse
08:50 Ziggurat
11:07 Spirit Tower
13:30 Ziggurat
15:45 Ziggurat
» items
                
                | Rod of Necromancy | 3 |  | 
| Dust of Appearance | 1 |  | 
| Scroll of Town Portal | 1 |  | 
| Orb of Corruption | 1 |  | 
| Potion of Lesser Invulnerability | 2 |  | 
                8 total
  
               
              
              
» 
yuu (
blue | 101 APM | 2426 actions | 24:07)
              
 3 Death Knight 
 2 Death Coil
 1 Unholy Aura
 4 Lich 
 2 Frost Nova
 2 Dark Ritual
 
                » actions 
                
                | Assign group hotkey | 27 |  | 
| Basic commands | 1 |  | 
| Build / train | 76 |  | 
| Enter build submenu | 13 |  | 
| Enter hero's abilities submenu | 7 |  | 
| Give item / drop item | 5 |  | 
| Remove unit from queue | 1 |  | 
| Right click | 1200 |  | 
| Select / deselect | 287 |  | 
| Select group hotkey | 662 |  | 
| Use ability | 147 |  | 
                2426 total
 » units 
                
                | Acolyte | 2 |  | 
| Ghoul | 12 |  | 
| Crypt Fiend | 20 |  | 
| Obsidian Statue | 5 |  | 
| Abomination | 1 |  | 
                40 total
 » upgrades
                » buildings
                
                | Graveyard | 1 |  | 
| Crypt | 1 |  | 
| Altar of Darkness | 1 |  | 
| Ziggurat | 7 |  | 
| Tomb of Relics | 1 |  | 
| Nerubian Tower | 2 |  | 
| Halls of the Dead | 3 |  | 
| Black Citadel | 3 |  | 
| Slaughterhouse | 2 |  | 
                21 total
 » build order
                00:09 Graveyard
00:22 Crypt
00:45 Altar of Darkness
01:02 Ziggurat
01:19 Ziggurat
01:48 Tomb of Relics
02:14 Nerubian Tower
04:24 Halls of the Dead
04:24 Halls of the Dead
04:47 Ziggurat
06:58 Black Citadel
06:59 Black Citadel
07:18 Slaughterhouse
07:18 Slaughterhouse
10:02 Ziggurat
10:05 Ziggurat
13:49 Ziggurat
13:50 Ziggurat
» items
                
                | Rod of Necromancy | 1 |  | 
| Dust of Appearance | 1 |  | 
| Orb of Corruption | 1 |  | 
| Potion of Healing | 3 |  | 
| Scroll of Town Portal | 2 |  | 
| Scroll of Healing | 1 |  | 
| Potion of Lesser Invulnerability | 1 |  | 
                10 total
  
                Chat log
          (00:36 / All) thelaghotel: cut the music out please
(01:06 / All) thelaghotel: gl hf
(01:07 / All) thelaghotel: =D
(06:03 / All) thelaghotel: served
(07:53 / All) thelaghotel: raped
(07:54 / All) thelaghotel: rofl
(08:02 / All) yuu: gg i cant play with that partner
(08:05 / All) thelaghotel: gg
(08:17 / All) thelaghotel: hes gotten 2 grunts
(08:20 / All) thelaghotel: and lost 4 fiends
(08:21 / All) thelaghotel: and dk
(08:22 / All) thelaghotel: rofl
(09:18 / All) thelaghotel: no more harass ud
(09:18 / All) thelaghotel: ?
(09:52 / Allies) thelaghotel: hit now
(09:52 / Allies) thelaghotel: plz
(09:53 / Allies) thelaghotel: k
(10:20 / Allies) thelaghotel: omw
(13:02 / Allies) WC-tactics: tin aa
(13:11 / Allies) thelaghotel: i got aa
(13:13 / Allies) thelaghotel: bats and raiders
(13:15 / Allies) WC-tactics: im gettin aa
(13:15 / Allies) thelaghotel: get dryad
(13:16 / Allies) thelaghotel: i got grunt
(13:17 / Allies) thelaghotel: k
(13:19 / Allies) WC-tactics: ok
(14:08 / Allies) thelaghotel: rdy to hit again?
(15:30 / Allies) WC-tactics: tp
(15:32 / Allies) WC-tactics: ?
(15:56 / Allies) thelaghotel: meet
(17:30 / Allies) thelaghotel: 1 sec
(17:50 / Allies) thelaghotel: rejuv bm plz
(18:01 / Allies) thelaghotel: lol
(20:20 / Allies) WC-tactics: ut
(20:32 / Allies) WC-tactics: mass dest?
(20:39 / Allies) thelaghotel: looks like it
(20:53 / Allies) thelaghotel: got wind riders
(20:55 / Allies) thelaghotel: to counter i guess...
(21:23 / Allies) WC-tactics: expo time
(22:54 / Allies) thelaghotel: omw
(23:06 / Allies) thelaghotel: go
(23:06 / Allies) thelaghotel: hit
(23:58 / All) yuu: gg guyz partner really HORRIBLE
(24:01 / All) K.Dubz: GG